 Dungeon Crawl Stone Soup version 0.30-a0-585-g93115170b9 (webtiles) character file.

Game seed: 7525119094225648478

2464 Crownlay the Blocker (level 9, -1/68 HPs)
             Began as a Gnoll Wanderer on Jan 1, 2023.
             Was a Follower of Cheibriados.
             Slain by Joseph
             ... wielding a +0 quarterstaff
              (8 damage)
             ... on level 7 of the Dungeon.
             The game lasted 00:09:26 (6702 turns).

Crownlay the Blocker (Gnoll Wanderer)               Turns: 6702, Time: 00:09:27

Health: -1/68      AC: 18    Str: 11    XL:     9   Next: 50%
Magic:  15/15      EV:  4    Int: 19    God:    Cheibriados [*.....]
Gold:   173        SH:  9    Dex: 18    Spells: 17/17 levels left

rFire   . . .      SeeInvis .    p - +2 mace (heavy)
rCold   . . .      Faith    .    b - +2 buckler
rNeg    . . .      Spirit   .    h - +0 plate armour
rPois   .          Reflect  .    g - +2 helmet {Int+3}
rElec   .          Harm     .    c - +0 cloak
rCorr   .          Rampage  .    (no gloves)
Will    .....                    n - +0 pair of boots Stlth
                                 (no amulet)
HPRegen 0.31/turn                (no ring)
MPRegen 0.14/turn                (no ring)

@: very slow
A: fangs 1, strong nose, distributed training
a: Renounce Religion, Bend Time


You were on level 7 of the Dungeon.
You worshipped Cheibriados.
Cheibriados was aware of your devotion.
You visited 2 branches of the dungeon, and saw 8 of its levels.

You collected 568 gold pieces.
You spent 395 gold pieces at shops.

Inventory:

Hand Weapons
 p - a +2 heavy mace (weapon)
 J - a +2 long sword of holy wrath
Missiles
 a - a curare-tipped dart (quivered)
 E - 5 boomerangs
Armour
 b - a +2 buckler (worn)
 c - a +0 cloak (worn)
 g - a +2 helmet of intelligence (worn)
 h - a +0 plate armour (worn)
 n - a +0 pair of boots (worn)
Magical Staves
 f - a staff of conjuration
 l - a staff of fire
Jewellery
 y - a +4 ring of protection
 F - a ring of protection from cold
 H - a ring of fire
Wands
 A - a wand of flame (17)
Scrolls
 d - 4 scrolls of fog
 j - 2 scrolls of amnesia
 k - 3 scrolls of blinking
 m - a scroll of vulnerability {unknown}
 q - 2 scrolls of torment
 r - a scroll of magic mapping {unknown}
 t - 3 scrolls of fear
 u - 2 scrolls of poison {unknown}
 v - 2 scrolls of teleportation {unknown}
 z - a scroll of summoning {unknown}
 D - 2 scrolls of immolation
 G - 2 scrolls of enchant weapon
 I - a scroll of noise {unknown}
 K - a scroll of enchant armour
Potions
 e - a potion of curing {unknown}
 i - a potion of haste {unknown}
 o - 4 potions of might
 s - a potion of heal wounds
 w - a potion of flight {unknown}
 x - 2 potions of brilliance
 B - a potion of cancellation
 C - 2 potions of attraction


   Skills:
 + Level 5.2 Fighting
 + Level 4.5 Short Blades
 + Level 5.2 Long Blades
 + Level 4.5 Axes
 + Level 4.5 Maces & Flails
 + Level 4.5 Polearms
 + Level 4.5 Staves
 + Level 4.5 Ranged Weapons
 + Level 4.5 Throwing
 + Level 6.5 Armour
 + Level 6.5 Dodging
 + Level 4.5 Stealth
 + Level 9.7 Shields
 + Level 4.5 Unarmed Combat
 + Level 4.5 Spellcasting
 + Level 3.7 Conjurations
 + Level 3.7 Hexes
 + Level 3.7 Summonings
 + Level 3.7 Necromancy
 + Level 3.7 Translocations
 + Level 3.7 Transmutations
 + Level 3.7 Fire Magic
 + Level 3.7 Ice Magic
 + Level 3.7 Air Magic
 + Level 3.7 Earth Magic
 + Level 3.7 Poison Magic
 + Level 4.9 Invocations
 + Level 4.5 Evocations


You had 17 spell levels left.
You didn't know any spells.
Your spell library contained the following spells:

 Spells                   Type           Power      Damage    Failure   Level
 Summon Forest            Summ/Tloc      9%         N/A       100%        5
 Summon Mana Viper        Hex/Summ       18%        N/A       100%        5
 Summon Cactus Giant      Summ           9%         N/A       100%        6


Dungeon Overview and Level Annotations

Branches:
Dungeon (7/15)             Temple (1/1) D:5

Altars:
Ashenzari
Cheibriados
Dithmenos
Elyvilon
Gozag
Hepliaklqana
Kikubaaqudgha
Makhleb
Nemelex Xobeh
Okawaru
Ru
Trog
Uskayaw
Vehumet
Wu Jian
Xom
The Shining One

Shops:
D:5 ?   D:6 (

Annotations:
D:7 Joseph


Innate Abilities, Weirdness & Mutations

You have very sharp teeth.
Your uncanny sense of smell can sniff out nearby items.
Your experience applies equally to all skills.


Message History

Found a scale mail.
You now have 159 gold pieces (gained 11).
You now have 173 gold pieces (gained 14).
You see here a +0 scale mail.
Found a stone staircase leading up.
Found an escape hatch in the ceiling.
There is a stone staircase leading up here.
Joseph, a Mercenary comes into view.
He is wielding a +0 quarterstaff.
Joseph shouts!
Joseph moves out of view.
Found a brass wand.
Joseph drinks a potion.
Joseph seems to grow stronger.
You throw a curare-tipped dart.
The curare-tipped dart barely misses Joseph.
Joseph unwields a +0 quarterstaff.
Joseph wields a +0 sling.
Joseph shoots a sling bullet.
You block the sling bullet.
You throw a curare-tipped dart. The curare-tipped dart hits Joseph.
Joseph is poisoned.
Joseph convulses.
Joseph seems to slow down.
Joseph is lightly wounded.
Joseph unwields a +0 sling.
Joseph wields a +0 quarterstaff.
Joseph hits you but does no damage.
You hit Joseph but do no damage. You bite Joseph, but do no damage.
Joseph is lightly wounded.
Joseph hits you with a +0 quarterstaff!
You hit Joseph.
Joseph is moderately wounded.
Joseph hits you with a +0 quarterstaff!!
Joseph hits you but does no damage.
You hit Joseph. You bite Joseph, but do no damage.
Joseph is moderately wounded.
You block Joseph's attack.
You hit Joseph but do no damage. Your bite misses Joseph.
Joseph is moderately wounded.
Joseph is no longer moving slowly.
Joseph hits you with a +0 quarterstaff!!
You closely miss Joseph.
Joseph is moderately wounded.
Joseph hits you with a +0 quarterstaff!
* * * LOW HITPOINT WARNING * * *
Joseph hits you with a +0 quarterstaff!
You die...

######## #######......#
#.......####.# ######
#.#####.####.#####...[.
####.#...<......##.. ∆
#.@@...##.########..
#./....<####.# #####..
#(.#.##... ..# #......
#.... ..###### #.###..
#.# #.# #######.####.
#. #.# ...........#. #
..# ........##... ##
........##...
........##...


You could see Joseph (strong, poisoned).

Vanquished Creatures
  A boulder beetle (D:7)
  Prince Ribbit (D:7)
  A water moccasin (D:7)
  An ice beast (D:4)
  An orc warrior (D:7)
  A sky beast (D:7)
  An ogre (D:5)
  A phantom (D:5)
  Blork the orc (D:4)
  5 scorpions
  2 necrophages
  2 hounds
  Crazy Yiuf (D:2)
  3 orc priests
  3 iguanas
  6 orc wizards
  4 gnolls
  7 adders
  A white imp (D:6)
  3 worms
  3 dart slugs
  23 orcs
  11 ball pythons
  10 endoplasms
  6 giant cockroaches
  13 goblins
  7 hobgoblins
  9 kobolds
  4 quokkas (D:4)
  7 bats
  2 frilled lizards
  4 rats
145 creatures vanquished.

Notes
Turn   | Place    | Note
-------+----------+-------------------------------------------
     0 | D:1      | Crownlay the Gnoll Wanderer began the quest for the Orb.
     0 | D:1      | Crownlay set off with the following items: a +0 falchion, a
                  | +2 buckler, a +0 cloak, a scroll of fog, a +0 leather
                  | armour.
     0 | D:1      | Reached XP level 1. HP: 17/17 MP: 1/1
   107 | D:1      | Reached XP level 2. HP: 23/23 MP: 2/2
   467 | D:1      | Reached XP level 3. HP: 15/28 MP: 3/3
   672 | D:1      | Reached skill level 1 in Invocations
   940 | D:2      | Reached skill level 1 in Short Blades
   940 | D:2      | Reached skill level 1 in Axes
   940 | D:2      | Reached skill level 1 in Maces & Flails
   940 | D:2      | Reached skill level 1 in Polearms
   940 | D:2      | Reached skill level 1 in Staves
   940 | D:2      | Reached skill level 1 in Ranged Weapons
   940 | D:2      | Reached skill level 1 in Throwing
   940 | D:2      | Reached skill level 1 in Stealth
   940 | D:2      | Reached skill level 1 in Unarmed Combat
   940 | D:2      | Reached skill level 1 in Spellcasting
   940 | D:2      | Reached skill level 1 in Evocations
   957 | D:2      | Found a runed translucent door.
   958 | D:2      | Noticed Crazy Yiuf
   966 | D:2      | Killed Crazy Yiuf
   967 | D:2      | Reached XP level 4. HP: 21/34 MP: 5/5
  1047 | D:2      | Reached skill level 1 in Conjurations
  1047 | D:2      | Reached skill level 1 in Hexes
  1047 | D:2      | Reached skill level 1 in Summonings
  1047 | D:2      | Reached skill level 1 in Necromancy
  1047 | D:2      | Reached skill level 1 in Translocations
  1047 | D:2      | Reached skill level 1 in Transmutations
  1047 | D:2      | Reached skill level 1 in Fire Magic
  1047 | D:2      | Reached skill level 1 in Ice Magic
  1047 | D:2      | Reached skill level 1 in Air Magic
  1047 | D:2      | Reached skill level 1 in Earth Magic
  1047 | D:2      | Reached skill level 1 in Poison Magic
  1967 | D:3      | Found an iron altar of Okawaru.
  1974 | D:3      | Reached XP level 5. HP: 40/40 MP: 7/7
  2593 | D:3      | Identified the +0 robe of the Black Moon {Str+3}
  2869 | D:4      | Noticed Blork the orc
  2871 | D:4      | Found a radiant altar of Vehumet.
  2878 | D:4      | Killed Blork the orc
  2879 | D:4      | Reached skill level 5 in Armour
  2879 | D:4      | Reached skill level 5 in Dodging
  2879 | D:4      | Reached XP level 6. HP: 47/47 MP: 7/9
  2987 | D:4      | Reached XP level 7. HP: 22/52 MP: 10/10
  3694 | D:4      | Reached skill level 9 in Shields
  3943 | D:5      | Entered Level 5 of the Dungeon
  3943 | D:5      | Found a staircase to the Ecumenical Temple.
  3951 | Temple   | Entered the Ecumenical Temple
  4016 | Temple   | Became a worshipper of Cheibriados the Contemplative
  4235 | D:5      | Found an ancient bone altar of Kikubaaqudgha.
  4348 | D:5      | Reached XP level 8. HP: 53/60 MP: 12/12
  4499 | D:5      | Found Kecaosm's Magic Scroll Emporium.
  4508 | D:5      | Bought a scroll of identify for 26 gold pieces
  4508 | D:5      | Bought a scroll of enchant armour for 97 gold pieces
  4508 | D:5      | Bought a scroll of enchant weapon for 97 gold pieces
  4508 | D:5      | Bought a scroll of immolation for 52 gold pieces
  4508 | D:5      | Bought a scroll of torment for 123 gold pieces
  5135 | D:6      | Reached * piety under Cheibriados
  5682 | D:6      | Found Veqiri Onor's Weapon Shop.
  6132 | D:7      | Noticed Prince Ribbit
  6149 | D:7      | Killed Prince Ribbit
  6150 | D:7      | Reached XP level 9. HP: 30/66 MP: 14/14
  6421 | D:7      | Noticed a boulder beetle
  6440 | D:7      | Killed a boulder beetle
  6441 | D:7      | Reached skill level 5 in Fighting
  6441 | D:7      | Reached skill level 5 in Long Blades
  6693 | D:7      | Noticed Joseph
  6702 | D:7      | Slain by Joseph

Illustrated notes

Levels and vault maps discovered:
D:1:      lightli_iron_boxes, layout_basic, serial_bayou_pond_d
D:2:      layout_loops_corners, uniq_crazy_yiuf_cottage
D:3:      layout_loops_ring, old_standard_altar, chequers_garden,
          hangedman_decor_riveting, chequers_serial_rivers_large_a
D:4:      minmay_chambers_of_fours, layout_cave_pools,
          mainiacjoe_overflow_paths, minmay_ruptured, uniq_blork_the_orc
D:5:      layout_loops_ring, amcnicky_altar_gilded,
          minmay_temple_entry_large_hall, serial_shops, shop
D:6:      layout_loops_cross, serial_shops, nicolae_shop_bloodbath_and_beyond,
          nicolae_elevator_lobby_plus
D:7:      layout_loops_cross, nicolae_water_bricks, uniq_prince_ribbit1,
          uniq_joseph
Temple:   nicolae_temple_superstar

Skill      XL: |  1  2  3  4  5  6  7  8  9 |
---------------+----------------------------+-----
Invocations    | 1 2 3 4 |  4.9
Short Blades   | 1 2 3 4 |  4.5
Axes           | 1 2 3 4 |  4.5
Maces & Flails | 1 2 3 4 |  4.5
Polearms       | 1 2 3 4 |  4.5
Staves         | 1 2 3 4 |  4.5
Ranged Weapons | 1 2 3 4 |  4.5
Throwing       | 1 2 3 4 |  4.5
Stealth        | 1 2 3 4 |  4.5
Unarmed Combat | 1 2 3 4 |  4.5
Spellcasting   | 1 2 3 4 |  4.5
Evocations     | 1 2 3 4 |  4.5
Conjurations   | 1 2 3 |  3.7
Hexes          | 1 2 3 |  3.7
Summonings     | 1 2 3 |  3.7
Necromancy     | 1 2 3 |  3.7
Translocations | 1 2 3 |  3.7
Transmutations | 1 2 3 |  3.7
Fire Magic     | 1 2 3 |  3.7
Ice Magic      | 1 2 3 |  3.7
Air Magic      | 1 2 3 |  3.7
Earth Magic    | 1 2 3 |  3.7
Poison Magic   | 1 2 3 |  3.7
Fighting       | 3 4 5 |  5.2
Long Blades    | 3 4 5 |  5.2
Armour         | 5 6 |  6.5
Dodging        | 5 6 |  6.5
Shields        | 9 |  9.7

Action                   |  1- 3 |  4- 6 |  7- 9 || total
-------------------------+-------+-------+-------++-------
Melee: Falchion          |    97 |       |       ||    97
       Bite              |     9 |     7 |    27 ||    43
       Mace              |    16 |   145 |   257 ||   418
Throw: Throwing net      |       |     2 |     1 ||     3
       Boomerang         |       |       |    11 ||    11
       Dart              |       |       |     6 ||     6
  Use: Scroll            |       |     3 |     3 ||     6
       Potion            |       |       |     3 ||     3
 Stab: Held in net/web   |       |     1 |       ||     1
Armor: Leather armour    |     6 |       |       ||     6
       Plate armour      |    70 |   185 |   301 ||   556
Dodge: Dodged            |    13 |    11 |    41 ||    65
Block: Buckler           |    49 |    79 |   161 ||   289

Table legend: (Time is in decaauts)
 A = Elapsed time spent in this place.
 B = Non-inter-level travel time spent in this place.
 C = Inter-level travel time spent in this place.
 D = Time resting spent in this place.
 E = Time spent auto-exploring this place.
 F = Levels seen in this place.
 G = Mean time per level.
                   A        B        C        D        E       F      G
               +--------+--------+--------+--------+--------+-----+--------+
         Total |   7582 |   7381 |    201 |    168 |   5694 |   8 |  947.8 |
       Dungeon |   7493 |   7315 |    178 |    168 |   5649 |   7 | 1070.4 |
        Temple |     88 |     65 |     23 |      0 |     45 |   1 |   88.0 |
               +--------+--------+--------+--------+--------+-----+--------+

Top non-repeatable levels by time:
     D:6: 1243 daAuts
     D:4: 1214 daAuts
     D:2: 1187 daAuts
     D:5: 1093 daAuts
     D:3: 1021 daAuts
     D:7: 923 daAuts
     D:1: 809 daAuts
  Temple: 88 daAuts
